 Dungeon Crawl Stone Soup version 0.31.0-11-ge490571c62 (webtiles) character file.

Game seed: 17980276362929983720

95 Strat the Trooper (level 4, 0/40 HPs)
             Began as an Armataur Conjurer on Jan 28, 2024.
             Succumbed to Robin's poison
             ... on level 3 of the Dungeon.
             The game lasted 00:04:22 (2152 turns).

Strat the Trooper (Armataur Conjurer)               Turns: 2152, Time: 00:04:22

Health: 0/40       AC:  5    Str: 15    XL:     4   Next: 39%
Magic:  1/6        EV:  9    Int: 18    God:
Gold:   134        SH:  0    Dex:  8    Spells: 3/6 levels left

rFire   + + .        b - +4 dagger of Eghong Yxko {heavy, rElec rF++}
rCold   . . .        (no shield)
rNeg    . . .        d - +0 robe
rPois   .            (no helmet)
rElec   +            (no cloak)
rCorr   .            g - +0 pair of gloves
SInv    .            (no barding)
Will    +....        (no amulet)
Stlth   ++           j - ring of willpower
HPRegen 0.26/turn    (no ring)
MPRegen 0.10/turn

%: roll
@: lethally poisoned (0 -> -24)
A: large, deformed body, tough skin 3, armoured tail, roll 1
a: no special abilities


You were on level 3 of the Dungeon.
You visited 1 branch of the dungeon, and saw 3 of its levels.

You collected 134 gold pieces.

Inventory:

Hand Weapons
 a - a +2 sling of freezing
 b - the +4 dagger of Eghong Yxko (weapon) {heavy, rElec rF++}
   (You took it off a hobgoblin on level 2 of the Dungeon)

   rF++:      It greatly protects you from fire.
   rElec:     It insulates you from electricity.
 p - a +0 mace
Missiles
 e - 8 poisoned darts
Armour
 d - a +0 robe (worn)
 g - a +0 pair of gloves (worn)
 i - a +0 chain mail
 q - a +0 ring mail
Jewellery
 c - an amulet of faith
 j - a ring of willpower (left hand)
 l - a ring of willpower
Scrolls
 f - 2 scrolls of teleportation {unknown}
 n - a scroll of enchant armour {unknown}
 r - a scroll of identify {unknown}
Potions
 h - a potion of curing {unknown}
 k - a potion of magic
 m - a potion of mutation {unknown}
 o - 2 potions of enlightenment {unknown}


   Skills:
 + Level 3.7 Fighting
 - Level 1.3 Dodging
 - Level 2.1 Stealth
 - Level 1.7 Spellcasting
 - Level 3.6 Conjurations


You had 3 spell levels left.
You knew the following spells:

 Your Spells              Type           Power      Damage    Failure   Level
a - Magic Dart            Conj           56%        1d5       4%          1
b - Searing Ray           Conj           28%        2d5       6%          2

Your spell library contained the following spells:

 Spells                   Type           Power      Damage    Failure   Level
 Fulminant Prism          Conj/Alch      4%         3d5       65%         4
 Iskenderun's Mystic Bla  Conj/Tloc      8%         2d4       65%         4


Dungeon Overview and Level Annotations

Branches:
Dungeon (3/15)

Altars:
Makhleb


Innate Abilities, Weirdness & Mutations

Armour fits poorly on your strangely shaped body.
You have extremely tough skin. (AC +3)
You have a long armoured tail.
You regenerate magic when rolling toward enemies. (Rampage MPRegen)


Message History

Robin hits you with a +0 short sword of venom.
You shoot a sling bullet. The sling bullet barely misses Robin.
Robin barely misses you. Robin closely misses you.
You shoot a sling bullet. The sling bullet hits Robin.
The sling bullet freezes Robin.
Robin is moderately wounded.
Robin hits you but does no damage.
You are poisoned.
Your +2 sling of freezing stops glowing.
b - the +4 dagger of Eghong Yxko (weapon)
{heavy, rElec rF++} You feel sick.
Robin hits you but does no damage.
You barely miss Robin.
Your tail-slap misses Robin.
Robin is moderately wounded.
You feel sick. Robin hits you but does no damage.
You are more poisoned.
You puncture Robin!
Robin is severely wounded.
You feel very sick. Robin misses you.
Robin hits you with a +0 short sword of venom.
* * * LOW HITPOINT WARNING * * *
You barely miss Robin.
Robin is severely wounded.
You feel sick. Robin hits you but does no damage.
You are more poisoned.
You closely miss Robin.
Robin is severely wounded.
You feel very sick. Robin hits you but does no damage.
You are lethally poisoned!
Robin hits you but does no damage.
You are more poisoned.
You barely miss Robin.
Robin is severely wounded.
* * * LOW HITPOINT WARNING * * *
You feel extremely sick. Robin misses you.
You hit Robin.
You kill Robin!
You die...

#.))##########...≈
#.)..........#...≈
#.)†.........#.).≈
##'##.)...##+##.h≈
#.).#..)..# #..≈
#...#.....# #..≈
#...#.....# #..≈
##$##.....##+##..≈
#@).#.....#.)....≈
#)..#.....#..^..≈≈
#≈≈≈#.....#≈≈≈≈≈≈≈
#≈≈≈##'''##≈≈≈≈≈≈#
##≈≈≈≈...≈≈≈≈#.# #
###≈≈...≈≈....###
###...##.......
#............
########..###


There were no monsters in sight!

Vanquished Creatures
  Robin (D:3)
  3 adders
  2 ribbon worms (D:3)
  5 orcs (D:3)
  2 ball pythons
  An endoplasm (D:1)
  16 goblins
  7 hobgoblins
  3 jackals (D:3)
  A quokka (D:2)
  3 bats
  4 kobolds
  3 rats
51 creatures vanquished.

Notes
Turn   | Place    | Note
-------+----------+-------------------------------------------
     0 | D:1      | Strat the Armataur Conjurer began the quest for the Orb.
     0 | D:1      | Reached XP level 1. HP: 14/14 MP: 3/3
   225 | D:1      | Reached skill level 1 in Fighting
   259 | D:1      | You fall into a shaft and drop 1 floor!
   401 | D:2      | Reached XP level 2. HP: 23/23 MP: 0/4
   446 | D:2      | Learned a level 2 spell: Searing Ray
   532 | D:2      | Identified the +4 dagger of Eghong Yxko {heavy, rElec rF++}
   623 | D:2      | Reached XP level 3. HP: 30/30 MP: 2/5
  1174 | D:3      | Found a burning altar of Makhleb.
  1401 | D:3      | Found a faded altar of an unknown god.
  1908 | D:3      | Reached XP level 4. HP: 38/38 MP: 1/6
  2132 | D:3      | Noticed Robin
  2152 | D:3      | Killed Robin
  2152 | D:3      | Succumbed to Robin's poison

Illustrated notes

Levels and vault maps discovered:
D:1:      ebering_trefoil_twist, layout_loops_ring, minmay_liquid_box
D:2:      layout_loops_cross, kennysheep_generic_room_10
D:3:      kennysheep_goblin_castle, layout_loops_corners, amcnicky_altar_gilded,
          gup_sewer_entry_bowl, chequers_ecumenical_altar_simple

Skill      XL: |  1  2  3 |
---------------+----------+-----
Fighting       | 1 2 3 |  3.7
Dodging        | |  1.3
Stealth        | |  2.1
Spellcasting   | |  1.7
Conjurations   | |  3.6

Action                     |  1- 3 |  4- 6 || total
---------------------------+-------+-------++-------
  Melee: Dagger            |    14 |    13 ||    27
         Tailslap          |     1 |     1 ||     2
   Fire: Sling             |    21 |    18 ||    39
   Cast: Magic Dart        |    23 |       ||    23
         Searing Ray       |     8 |     5 ||    13
 Armour: Robe              |    22 |    34 ||    56
  Dodge: Dodged            |    13 |    26 ||    39
